AoeStats
← KILLA T

Arena

505936019Analyzed
4v4 RM · 19d ago on Sep 11, 2026· 50m 23s· 8 players
Game mode
Random Map
Map size
Large (8 player)
Population
200
Speed
Normal
Resources
Standard
Victory
Conquest
Starting age
Dark Age
Ending age
Imperial Age
RankedLock teamsTeams togetherTeam positionsShared explorationLock speedFull tech treeHidden civsTurbo modeCheats
Victory
Defeat
🇹🇷 Ethiopians · Türkiye
1015
+14
🇹🇷 Cumans · Türkiye
966
+16
🇨🇴 Khmer · Colombia
951
+17
🇺🇸 Persians · United States
951
+17
🇩🇪 Huns · Germany
982
-16
🇬🇧 Cumans · United Kingdom
978
-16
🇬🇧 Romans · United Kingdom
971
-16
🇳🇴 Burgundians · Norway
967
-16
Arran
10:13 Feudal Age
10:51 Double-Bit Axe
19:28 Horse Collar
24:07 Castle Age
23:14 Bloodlines
24:21 Wheelbarrow
24:09 Stone Mining
24:10 Gold Mining
25:02 Forging
29:02 Light Cavalry
29:53 Scale Barding Armor
30:37 Heavy Plow
30:51 Bow Saw
31:30 Steppe Husbandry
36:00 Imperial Age
37:06 Iron Casting
36:52 Chain Barding Armor
36:23 Fletching
37:54 Hussar
40:34 Blast Furnace
40:11 Plate Barding Armor
39:09 Elite Steppe Lancer
The Hun
11:08 Feudal Age
16:00 Castle Age
14:15 Horse Collar
14:46 Double-Bit Axe
20:28 Heavy Plow
23:52 Gold Mining
23:52 Stone Mining
24:52 Bow Saw
27:08 Wheelbarrow
28:39 Hand Cart
31:07 Imperial Age
29:32 Caravan
30:00 Scale Barding Armor
30:05 Forging
29:46 Fletching
29:56 Padded Archer Armor
30:57 Scale Mail Armor
31:18 Chain Barding Armor
32:31 Iron Casting
32:47 Conscription
31:56 Heavy Cavalry Archer
33:04 Parthian Tactics
33:25 Bodkin Arrow
33:48 Leather Archer Armor
33:47 Marauders
33:08 Elite Tarkan
41:53 Cavalier
42:34 Husbandry
42:46 Bloodlines
42:49 Paladin
Quantum rage
10:21 Feudal Age
12:11 Man-at-Arms
14:47 Scale Mail Armor
21:49 Castle Age
20:38 Stone Mining
20:39 Gold Mining
22:53 Double-Bit Axe
22:58 Horse Collar
29:12 Heavy Plow
31:39 Ballistics
33:17 Gold Shaft Mining
33:00 Bow Saw
34:33 Ballistas
37:55 Imperial Age
37:58 Heavy Scorpion
41:52 Conscription
40:54 Elite Centurion
42:06 Scale Barding Armor
42:12 Forging
44:17 Comitatenses
45:16 Chemistry
44:23 Siege Engineers
KILLA T
12:57 Feudal Age
18:26 Castle Age
18:46 Scale Barding Armor
19:30 Forging
20:55 Chain Barding Armor
20:41 Fletching
23:41 Horse Collar
23:55 Cavalier
29:32 Bodkin Arrow
31:28 Wheelbarrow
31:47 Iron Casting
32:53 Hand Cart
35:10 Burgundian Vineyards
36:15 Husbandry
35:37 Elite Skirmisher
Cherokee
12:34 Feudal Age
17:15 Castle Age
23:24 Castle Age
22:52 Double-Bit Axe
22:52 Horse Collar
35:25 Loom
36:38 Squires
45:41 Bow Saw
45:35 Heavy Plow
48:18 Imperial Age
46:44 Thumb Ring
46:00 Elite Skirmisher
47:29 Wheelbarrow
48:36 Hand Cart
49:38 Fletching
49:48 Padded Archer Armor
50:53 Chemistry
50:14 Ballistics
50:31 Bodkin Arrow
ddubb69
9:28 Feudal Age
10:15 Double-Bit Axe
11:28 Wheelbarrow
16:02 Castle Age
14:35 Horse Collar
22:33 Loom
23:07 Hand Cart
23:11 Heavy Plow
25:17 Forging
25:13 Scale Barding Armor
26:00 Bloodlines
25:51 Husbandry
26:55 Bow Saw
28:59 Iron Casting
28:44 Chain Barding Armor
29:13 Kamandaran
29:37 Fletching
29:47 Padded Archer Armor
33:36 Imperial Age
35:00 Blast Furnace
34:35 Plate Barding Armor
34:10 Cavalier
36:42 Plate Barding Armor
35:32 Savar
36:40 Conscription
38:26 Bodkin Arrow
38:46 Leather Archer Armor
37:56 Crossbowman
38:42 Thumb Ring
39:47 Caravan
40:20 Coinage
42:29 Banking
bahtiyaralioglu55
13:51 Feudal Age
14:34 Double-Bit Axe
14:29 Horse Collar
21:26 Castle Age
19:25 Loom
19:52 Gold Mining
19:55 Stone Mining
19:55 Gold Mining
21:17 Wheelbarrow
21:10 Gold Mining
22:41 Bow Saw
22:38 Heavy Plow
23:15 Gold Shaft Mining
25:20 Hand Cart
29:47 Imperial Age
27:40 Fletching
27:50 Padded Archer Armor
28:49 Bodkin Arrow
29:05 Forging
29:56 Leather Archer Armor
29:51 Steppe Husbandry
30:12 Scale Barding Armor
31:04 Crop Rotation
31:37 Two-Man Saw
31:53 Iron Casting
32:42 Ring Archer Armor
32:33 Chain Barding Armor
33:25 Conscription
33:43 Hoardings
33:38 Ballistics
35:16 Chemistry
34:38 Elite Kipchak
36:38 Blast Furnace
38:16 Plate Barding Armor
39:40 Onager
43:01 Siege Onager
48:27 Coinage
Judaaf
1:06 Loom
4:45 Loom
11:20 Feudal Age
11:46 Horse Collar
12:01 Double-Bit Axe
17:32 Castle Age
23:20 Husbandry
23:30 Bloodlines
24:05 Wheelbarrow
24:45 Bow Saw
25:29 Bloodlines
25:23 Heavy Plow
26:30 Stone Mining
26:33 Gold Mining
27:02 Hand Cart
27:55 Scale Barding Armor
27:42 Town Watch
28:41 Stone Shaft Mining
28:49 Stone Shaft Mining
32:10 Gold Shaft Mining
35:42 Chain Barding Armor
35:33 Forging
35:13 Light Cavalry
37:10 Iron Casting
39:12 Imperial Age
40:30 Conscription
41:49 Town Patrol
42:27 Crop Rotation
44:47 Chemistry
45:43 Caravan
46:04 Double Crossbow
45:28 Elite Ballista Elephant
47:00 Fortified Wall
Connection lost

Rejoining the realm…

Still unreachable

The connection could not be restored.

Session expired

The server has moved on; the page needs a fresh start.